 Dungeon Crawl Stone Soup version 0.30.1-6-gbe392663c4 (webtiles) character file.

Game seed: 7394821497152130480

528 boopmooplesden the Covered (level 7, 0/62 HPs)
             Began as an Armataur Fighter on Sept 21, 2023.
             Succumbed to Blork the orc's poison
             ... on level 4 of the Dungeon.
             The game lasted 00:05:46 (3305 turns).

boopmooplesden the Covered (Armataur Fighter)       Turns: 3305, Time: 00:05:47

Health: 0/62       AC: 11    Str: 24    XL:     7   Next: 3%
Magic:  7/7        EV:  6    Int:  8    God:
Gold:   232        SH:  4    Dex:  9    Spells: 6/6 levels left

rFire   + . .        a - +2 long sword
rCold   + . .        c - +0 buckler
rNeg    . . .        m - +0 chain mail
rPois   +            i - +0 helmet
rElec   +            (no cloak)
rCorr   +            j - +0 pair of gloves
SInv    .            (no barding)
Will    .....        (no amulet) Stlth
                     (no ring)
HPRegen 0.30/turn    (no ring)
MPRegen 0.10/turn

%: roll
@: mighty, lethally poisoned (0 -> -1), resistant
A: large, rugged brown scales 3, deformed body, armoured tail, roll, long
tongue, awkward tongue
a: no special abilities


You were on level 4 of the Dungeon.
You visited 1 branch of the dungeon, and saw 4 of its levels.

You collected 232 gold pieces.

Inventory:

Hand Weapons
 a - a +2 long sword (weapon)
Armour
 c - a +0 buckler (worn)
 i - a +0 helmet (worn)
 j - a +0 pair of gloves (worn)
 m - a +0 chain mail (worn)
Jewellery
 k - a +6 ring of intelligence
Wands
 g - a wand of quicksilver (13)
Scrolls
 f - 2 scrolls of magic mapping
 l - 2 scrolls of teleportation
Potions
 b - a potion of magic
 d - a potion of flight
 e - a potion of brilliance
 h - a potion of resistance
 o - a potion of attraction
 p - a potion of might


   Skills:
 + Level 3.8 Fighting
 + Level 4.7 Long Blades
 + Level 5.5 Armour
 + Level 1.5 Dodging
 + Level 0.3 Stealth
 + Level 3.8 Shields


You had 6 spell levels left.
You didn't know any spells.
Your spell library contained the following spells:

 Spells                   Type           Power      Damage    Failure   Level
 Beastly Appendage        Tmut           0%         N/A       95%         1
 Lesser Beckoning         Tloc           0%         N/A       99%         2
 Wereblood                Tmut           0%         N/A       99%         2
 Gell's Gravitas          Tloc           0%         N/A       100%        3
 Spider Form              Tmut/Pois      0%         N/A       100%        3
 Teleport Other           Tloc           0%         N/A       100%        3


Dungeon Overview and Level Annotations

Branches:
Dungeon (4/15)
 Temple: D:4-7

Altars:
Elyvilon
Yredelemnul

Shops:
D:1 (

Annotations:
D:4 Dowan, Duvessa, Sigmund


Innate Abilities, Weirdness & Mutations

You are completely covered in rugged brown scales. (AC +3, +7% HP)
Armour fits poorly on your strangely shaped body.
You have a long armoured tail.
You roll when moving toward enemies. (Rampage)
Your long tongue fully drains potion bottles. (2x potion effects)
Your tongue gives you trouble enunciating. (1.5x scroll delay)


Message History

You are more poisoned.
Blork the orc casts a spell at you. You block the puff of flame.
You feel very mighty all of a sudden.
You slurp down every last drop of the potion of might!
You feel very sick.
Blork the orc screams, "I don't like you!"
Blork the orc casts a spell at you.
The magic dart hits you but does no damage.
You barely miss Blork the orc. You tail-slap Blork the orc!
Blork the orc is heavily wounded.
You feel very sick.
Blork the orc hits you with a +0 glaive of venom!
* * * LOW HITPOINT WARNING * * *
You slash Blork the orc! You tail-slap Blork the orc!
You kill Blork the orc!
* * * LOW HITPOINT WARNING * * *
You feel very sick.
You have reached level 7!
Okay, then.
You feel protected.
You slurp down every last drop of the potion of resistance!
* * * LOW HITPOINT WARNING * * *
You feel sick.
* * * LOW HITPOINT WARNING * * *
You feel very sick.
* * * LOW HITPOINT WARNING * * *
You feel sick.
* * * LOW HITPOINT WARNING * * *
You feel sick.
* * * LOW HITPOINT WARNING * * *
You feel sick.
There is a lethal amount of poison in your body!
* * * LOW HITPOINT WARNING * * *
You feel sick.
* * * LOW HITPOINT WARNING * * *
You feel sick.
* * * LOW HITPOINT WARNING * * *
You feel sick.
You die...

....# .....##
.......## .......)#
## ........# #≈#
........# ##≈##
#.......# #≈≈≈##
###.....###≈≈≈≈#
######.#.@.##≈≈≈≈#
~.~~~~....~~#≈~~≈#
~~~≈.~~~~~~~~~.~~##
≈~≈~~~~~≈~~.≈~≈≈≈~#
~~.~~~~≈.~~~≈≈~~.##
~~≈~~~~~~~≈~~?...#
#.~........~~.~##
#####..##..#####
##.#####


There were no monsters in sight!

Vanquished Creatures
  Blork the orc (D:4)
  A bullfrog (D:4)
  A scorpion (D:4)
  A howler monkey (D:3)
  A hound (D:2)
  Jessica (D:3)
  Natasha (D:3)
  Terence (D:2)
  Robin (D:3)
  9 adders
  2 worms
  3 dart slugs (D:1)
  An orc (D:3)
  6 ball pythons
  9 endoplasms
  A giant cockroach (D:2)
  14 goblins
  7 hobgoblins
  6 jackals
  2 quokkas
  3 bats
  5 frilled lizards
  6 kobolds
  6 rats
89 creatures vanquished.

Notes
Turn   | Place    | Note
-------+----------+-------------------------------------------
     0 | D:1      | boopmooplesden the Armataur Fighter began the quest for the
                  | Orb.
     0 | D:1      | Reached XP level 1. HP: 19/19 MP: 1/1
   105 | D:1      | Found Konloh's Antique Weapon Shop.
   113 | D:1      | Found a faded altar of an unknown god.
   121 | D:1      | Noticed an eye of devastation
   121 | D:1      | Noticed a golden eye
   130 | D:1      | Reached XP level 2. HP: 13/27 MP: 2/2
   141 | D:1      | Noticed an eye of devastation
   141 | D:1      | Noticed a floating eye
   229 | D:1      | Reached skill level 4 in Armour
   721 | D:1      | Reached XP level 3. HP: 33/33 MP: 3/3
  1143 | D:2      | Reached skill level 1 in Dodging
  1143 | D:2      | Reached XP level 4. HP: 27/40 MP: 4/4
  1249 | D:2      | Noticed Terence
  1256 | D:2      | Killed Terence
  1827 | D:3      | Reached XP level 5. HP: 48/48 MP: 5/5
  1849 | D:3      | Noticed Robin
  1869 | D:3      | Killed Robin
  2216 | D:3      | Found a basalt altar of Yredelemnul.
  2281 | D:3      | Found a white marble altar of Elyvilon.
  2443 | D:3      | Noticed Natasha
  2452 | D:3      | Killed Natasha
  2625 | D:3      | Noticed Jessica
  2627 | D:3      | Killed Jessica
  2799 | D:3      | Reached XP level 6. HP: 54/54 MP: 6/6
  2979 | D:4      | Reached skill level 5 in Armour
  3001 | D:4      | Noticed Sigmund
  3003 | D:4      | Noticed Duvessa
  3014 | D:4      | Noticed Dowan
  3290 | D:4      | Noticed Blork the orc
  3296 | D:4      | Killed Blork the orc
  3297 | D:4      | Reached XP level 7. HP: 10/62 MP: 7/7
  3301 | D:4      | HP: 3/62 [poisoned by Blork the orc]
  3303 | D:4      | HP: 1/62 [poisoned by Blork the orc]
  3305 | D:4      | Succumbed to Blork the orc's poison

Illustrated notes

Levels and vault maps discovered:
D:1:      lemuel_arrival_rhombus, layout_basic, serial_shops, shop,
          hellmonk_ecumenical_altar_watching_god
D:2:      layout_basic, uniq_terence
D:3:      layout_loops_ring, kennysheep_ying_yang, uniq_jessica, uniq_robin,
          uniq_natasha
D:4:      layout_cave_pods, serial_rivers, chequers_serial_rivers_micro_d,
          chequers_serial_rivers_micro_b, chequers_serial_rivers_small_3,
          chequers_serial_rivers_large_a, chequers_serial_rivers_room_b,
          minmay_manual_mares, uniq_duvessa, uniq_blork_the_orc, uniq_sigmund

Skill      XL: |  1  2  3  4  5  6 |
---------------+-------------------+-----
Fighting       | 3 |  3.8
Armour         | 4 5 |  5.5
Long Blades    | 2 3 4 |  4.7
Dodging        | 1 |  1.5
Stealth        | |  0.3
Shields        | |  3.8

Action                     |  1- 3 |  4- 6 |  7- 9 || total
---------------------------+-------+-------+-------++-------
  Melee: Long sword        |   104 |   193 |       ||   297
         Tailslap          |    12 |    19 |       ||    31
    Use: Scroll            |     4 |     9 |       ||    13
         Potion            |       |     3 |     1 ||     4
 Armour: Scale mail        |    55 |     1 |       ||    56
         Chain mail        |       |   121 |       ||   121
  Dodge: Dodged            |    29 |    52 |       ||    81
  Block: Buckler           |    21 |    47 |       ||    68
